 Dungeon Crawl Stone Soup version 0.20-a0-848-g73d9be0 (webtiles) character file.

177 Alarkh the Skirmisher (level 5, 0/36 HPs)
             Began as a Demonspawn Fighter on Mar 9, 2017.
             Succumbed to a kobold's poison
             ... on level 3 of the Dungeon.
             The game lasted 00:01:53 (2027 turns).

Alarkh the Skirmisher (Demonspawn Fighter)          Turns: 2027, Time: 00:01:54

Health: 0/36       AC:  5    Str: 20 (21) XL:     5   Next: 30%
Magic:  5/5        EV:  9    Int: 10 (11) God:
Gold:   122        SH:  9    Dex: 12      Spells: 4/4 levels left

rFire    . . .     SeeInvis .   a - +0 long sword
rCold    + . .     Gourm    .   n - +0 ring mail (curse)
rNeg     . . .     Faith    .   c - +0 shield
rPois    .         Spirit   .   (helmet restricted)
rElec    .         Reflect  .   j - scarf {rC+}
rCorr    .         Harm     .   (no gloves)
MR       .....                  (no boots)
Stlth    +++.......             (no amulet)
Regen    0.2/turn               (no ring)
MPRegen  0.1/turn               (no ring)

@: mighty, lethally poisoned (0 -> -1), flying
A: horns 1, talons 2, frail 1, nightstalker 2
a: no special abilities


You were on level 3 of the Dungeon.
You were not hungry.

You visited 1 branch of the dungeon, and saw 4 of its levels.

You collected 122 gold pieces.

Inventory:

Hand Weapons
 a - a +0 long sword (weapon)
Armour
 b - a +0 scale mail
 c - a +0 shield (worn)
 j - a scarf of cold resistance (worn)
 n - a cursed +0 ring mail (worn)
Jewellery
 i - an uncursed ring of fire
Scrolls
 e - 3 scrolls of identify {unknown}
 g - a scroll of remove curse {unknown}
 k - a scroll of enchant weapon {unknown}
Comestibles
 f - 3 bread rations
 h - 2 meat rations
 p - 2 chunks of flesh


   Skills:
 + Level 3.6 Fighting
 * Level 3.3 Long Blades
 + Level 3.1 Armour
 + Level 1.8 Dodging
 + Level 3.2 Shields


You had 4 spell levels left.
You didn't know any spells.

Dungeon Overview and Level Annotations

Branches:
Dungeon (4/15)
 Temple: D:4-7

Altars:
Makhleb
Qazlal
Xom


Innate Abilities, Weirdness & Mutations

You have razor-sharp toenails.
You are significantly more attuned to the shadows.
You have a pair of small horns on your head.
You are frail. (-10% HP)


Message History

It was a potion of mutation.
You feel extremely strange.
You feel frail. A pair of horns grows on your head!
* * * LOW HITPOINT WARNING * * *
You feel sick. You block the centaur's attack.
It was a potion of degeneration.
There was something very wrong with that liquid.
You feel weakened.
You feel dopey.
You feel clumsy. You block the centaur's attack. The centaur hits you.
* * * LOW HITPOINT WARNING * * *
You feel very mighty all of a sudden. You block the centaur's attack.
You slash the centaur! You claw the centaur.
You kill the centaur!
You feel your strength returning.
You feel your intelligence returning.
You feel your dexterity returning.
Your Long Blades skill increases to level 3!
You have reached level 5!
Your demonic ancestry asserts itself...
Your toenails lengthen and sharpen.
You die...

#.# #.#
#.# #.#
#)#
#####@#
#....(#
#.....#
......#
...##.#
... #.#
.. #.#
#.# #.#


There were no monsters in sight!

Vanquished Creatures
  A centaur (D:3)
  A crimson imp (D:3)
  3 adders
  A gnoll (D:2)
  A dart slug (D:1)
  3 orcs (D:3)
  2 bats (D:3)
  2 giant cockroaches
  2 goblins (D:1)
  2 hobgoblins (D:1)
  A ball python (D:3)
  2 frilled lizards
  3 kobolds
  2 rats
26 creatures vanquished.

Notes
Turn   | Place    | Note
-------+----------+-------------------------------------------
     0 | D:1      | Alarkh the Demonspawn Fighter began the quest for the Orb.
     0 | D:1      | Reached XP level 1. HP: 18/18 MP: 1/1
   410 | D:1      | Gained mutation: You have sharp toenails. [demonic ancestry]
   410 | D:1      | Reached XP level 2. HP: 24/24 MP: 2/2
   788 | D:2      | Found a shimmering altar of Xom.
   806 | D:2      | Reached skill level 1 in Dodging
   806 | D:2      | Gained mutation: You are slightly more attuned to the shadows. [demonic ancestry]
   806 | D:2      | Reached XP level 3. HP: 25/29 MP: 3/3
  1437 | D:3      | Found a burning altar of Makhleb.
  1469 | D:3      | Gained mutation: You are significantly more attuned to the shadows. [demonic ancestry]
  1469 | D:3      | Reached XP level 4. HP: 31/35 MP: 4/4
  1846 | D:2      | Found a stormy altar of Qazlal.
  2014 | D:3      | Noticed a centaur
  2024 | D:3      | Gained mutation: You are frail. (-10% HP) [potion of mutation]
  2024 | D:3      | Gained mutation: You have a pair of small horns on your head. [potion of mutation]
  2025 | D:3      | HP: 1/31 [centaur (3)]
  2027 | D:3      | Killed a centaur
  2027 | D:3      | Gained mutation: You have razor-sharp toenails. [demonic ancestry]
  2027 | D:3      | Reached XP level 5. HP: 1/36 MP: 5/5
  2027 | D:3      | Succumbed to a kobold's poison

Vault maps used:
D:1:      dpeg_arrival_ternary
D:2:      nicolae_overflow_hidden_temple, xom_teletrap_fun, uniq_jessica,
          uniq_sigmund
D:3:      wad_lake_hut, lemuel_doored_altar, makhleb_grotto_becter, uniq_iyjb,
          uniq_natasha, uniq_grinder
D:4:      minmay_goblin_kobold_castle

Skill      XL: |  1  2  3  4 |
---------------+-------------+-----
Long Blades    | 2 3 |  3.3
Dodging        | 1 |  1.8
Shields        | 3 |  3.2
Armour         | 3 |  3.1
Fighting       | |  3.6

Action                   |  1- 3 |  4- 6 || total
-------------------------+-------+-------++-------
Melee: Long sword        |    83 |    23 ||   106
       Kick              |    12 |     6 ||    18
  Use: Potion            |       |     5 ||     5
 Stab: Sleeping          |     2 |       ||     2
  Eat: Chunk             |     2 |     2 ||     4
Armor: Scale mail        |    10 |       ||    10
       Ring mail         |    26 |    10 ||    36
Dodge: Dodged            |    34 |    11 ||    45
Block: Shield            |    47 |     9 ||    56
       Rpst.: Long sword |    10 |     6 ||    16
